 Dungeon Crawl Stone Soup version 0.17-a0-1132-g5dd4065 (webtiles) character file.

217 joebohoe the Skirmisher (level 5, 0/48 HPs)
             Began as a Minotaur Berserker on May 25, 2015.
             Was a Priest of Trog.
             Slain by Monkaria's ghost (5 damage)
             ... on level 3 of the Dungeon.
             The game lasted 00:28:11 (2327 turns).

joebohoe the Skirmisher (Minotaur Berserker)        Turns: 2327, Time: 00:28:11

Health: 0/48       AC:  7    Str: 22    XL:     5   Next: 62%
Magic:  4/4        EV: 11    Int:  9    God:    Trog [***...]
Gold:   160        SH:  0    Dex: 10    Spells: 0 memorised, 4 levels left

rFire  . . .     SeeInvis +     a - +0 hand axe
rCold  . . .     Clarity  .     e - +0 scale mail
rNeg   . . .     SustAt   .     (no shield)
rPois  .         Gourm    .     (helmet restricted)
rElec  .         Spirit   .     (no cloak)
rCorr  .         Warding  .     k - +0 pair of gloves
rMut   .         Stasis   .     (no boots)
MR     .....                    (no amulet)
Stlth  +.........               o - ring of stealth
                                l - ring of see invisible

@: brilliant, lethally poisoned (0 -> -4), exhausted, slowed, drained, very
slow, not resistant to hostile enchantments, very unstealthy
A: retaliatory headbutt, horns 2
a: Burn Spellbooks, Berserk, Trog's Hand, Renounce Religion


You were on level 3 of the Dungeon.
You worshipped Trog.
Trog was most pleased with you.
You were not hungry.

You visited 1 branch of the dungeon, and saw 3 of its levels.

You collected 160 gold pieces.

Inventory:

Hand weapons
 a - a +0 hand axe (weapon)
Armour
 b - a +0 animal skin
 e - a +0 scale mail (worn)
 k - a +0 pair of gloves (worn)
Jewellery
 l - a ring of see invisible (left hand)
 o - a ring of stealth (right hand)
 q - a cursed ring of teleportation {unknown}
Magical devices
 p - a wand of digging (18)
Scrolls
 f - a scroll of identify
 g - a scroll of noise {unknown}
 j - a scroll of magic mapping {unknown}
 m - 2 scrolls of fog {unknown}
 n - a scroll of amnesia {unknown}
Potions
 d - a potion of cure mutation
 r - a potion of cancellation {unknown}
Comestibles
 c - 2 bread rations


   Skills:
 + Level 5.2(4.6) Fighting
 + Level 4.7(4.0) Axes
 + Level 3.7(3.0) Armour
 + Level 4.0(3.3) Dodging


You had 4 spell levels left.
You didn't know any spells.

Dungeon Overview and Level Annotations

Branches:
Dungeon (3/15)

Altars:
Ashenzari
Gozag

Annotations:
D:3 Monkaria's ghost, average DsCK


Innate Abilities, Weirdness & Mutations

You reflexively headbutt those who attack you in melee.
You have a pair of horns on your head.


Message History

Monkaria's ghost barely misses you. You furiously retaliate!
You headbutt Monkaria's ghost, but do no damage.
You hit Monkaria's ghost.
Monkaria's ghost is heavily damaged.
Monkaria's ghost hits you but does no damage.
You feel drained.
You completely miss Monkaria's ghost.
Monkaria's ghost is heavily damaged.
Monkaria's ghost closely misses you. Monkaria's ghost hits you.
* * * LOW HITPOINT WARNING * * *
You closely miss Monkaria's ghost.
Monkaria's ghost is heavily damaged.
Monkaria's ghost hits you but does no damage.
You are poisoned.
You slash Monkaria's ghost!
Monkaria's ghost is severely damaged.
* * * LOW HITPOINT WARNING * * *
You feel sick. Monkaria's ghost closely misses you. You furiously retaliate!
You headbutt Monkaria's ghost! Monkaria's ghost hits you.
You die...

##...##......#
....##......# #
##...##......# ####.. ...
........## ###...!..
#.#>###....... .........
.(#..###.... #........
.###..###.#### ##.......≈
.............###)........
.....###.###....@#.......
..........#....#W#.......
.....###.......#.#.....?.
.......#.#.....#.##......
.....#.........#.. ......
.......#.##....... ......
...............#.........
........ #........#
#######


You could see Monkaria's ghost.

Vanquished Creatures
  An orc priest (D:3)
  An orc wizard (D:3)
  Jessica (D:3)
  Robin (D:3)
  3 adders
  2 oozes
  An adder skeleton (D:2)
  An adder zombie (D:3)
  2 worms (D:2)
  4 orcs (D:3)
  9 bats
  A bat zombie (D:2)
  A giant cockroach (D:1)
  17 goblins
  13 hobgoblins
  4 kobolds
  A ball python zombie (D:2)
  3 giant geckos
  A giant gecko skeleton (D:2)
  A giant gecko zombie (D:3)
  A giant newt (D:2)
  A quokka (D:3)
  2 rats
  A plant (D:2)
73 creatures vanquished.

Notes
Turn   | Place    | Note
--------------------------------------------------------------
     0 | D:1      | joebohoe the Minotaur Berserker began the quest for the Orb.
     0 | D:1      | Reached XP level 1. HP: 19/19 MP: 0/0
   496 | D:1      | Reached XP level 2. HP: 25/27 MP: 1/1
   897 | D:2      | Reached skill level 4 in Fighting
  1111 | D:2      | Found a shattered altar of Ashenzari.
  1521 | D:2      | Found a shattered altar of Ashenzari.
  1526 | D:2      | Reached XP level 3. HP: 33/33 MP: 2/2
  1536 | D:2      | Acquired Trog's second power
  1904 | D:2      | Found an opulent altar of Gozag.
  2122 | D:3      | Noticed Robin
  2126 | D:3      | Reached XP level 4. HP: 41/41 MP: 3/3
  2128 | D:3      | Killed Robin
  2241 | D:3      | Noticed Jessica
  2253 | D:3      | Killed Jessica
  2253 | D:3      | Reached skill level 5 in Fighting
  2253 | D:3      | Reached XP level 5. HP: 41/48 MP: 4/4
  2274 | D:3      | Noticed Monkaria's ghost (average DsCK)
  2282 | D:3      | HP: 2/48 [Monkaria's ghost (4)]
  2327 | D:3      | Slain by Monkaria's ghost

Vault maps used:
D:1:      wheals_arrival_shading, serial_bayou_ford_a
D:2:      lemuel_round_altar, lemuel_round_altar, first_bread, serial_undead,
          serial_undead_c, serial_undead_d, serial_undead_a, serial_undead_b,
          ashenzari_altar_1
D:3:      corexii_leaking_fountain, uniq_robin, uniq_jessica,
          uniq_crazy_yiuf_cottage

Action                   |  1- 3 |  4- 6 || total
-------------------------+-------+-------++-------
Melee: Hand axe          |   108 |    40 ||   148
Invok: Berserk           |     2 |     2 ||     4
       Trog's Hand       |       |     1 ||     1
  Use: Scroll            |     1 |       ||     1
       Potion            |       |     2 ||     2
  Eat: Bread ration      |     1 |     1 ||     2
       Chunk             |       |     2 ||     2
